 Dungeon Crawl Stone Soup version 0.26-a0-958-gf3041fb45f (webtiles) character file.

Game seed: 547678569602635044

1976 PentaManta the Slinger (level 9, 0/59 HPs)
             Began as a Halfling Hunter on Nov 30, 2020.
             Was a Believer of Okawaru.
             Slain by an orc warrior
             ... wielding a +0 long sword
              (16 damage)
             ... on level 6 of the Dungeon.
             The game lasted 00:12:21 (6438 turns).

PentaManta the Slinger (Halfling Hunter)            Turns: 6438, Time: 00:12:22

Health: 0/59       AC: 11    Str: 16    XL:     9   Next: 43%
Magic:  9/9        EV: 19    Int:  9    God:    Okawaru [**....]
Gold:   256        SH:  0    Dex: 15    Spells: 8/8 levels left

rFire    . . .     SeeInvis .   a - +2 hunting sling
rCold    + . .     Faith    .   (shield restricted)
rNeg     . . .     Spirit   .   J - +1 scale mail {rC+}
rPois    .         Reflect  .   y - +1 helmet
rElec    .         Harm     .   (no cloak)
rCorr    .         Rampage  .   v - +0 pair of gloves
MR       +....                  (no boots)
Stlth    ..........             (no amulet)
HPRegen  0.19/turn              I - +4 ring of evasion
MPRegen  0.11/turn              i - ring of protection from magic

@: no status effects
A: small, mutation resistance 1
a: Heroism, Renounce Religion


You were on level 6 of the Dungeon.
You worshipped Okawaru.
Okawaru was pleased with you.
You visited 1 branch of the dungeon, and saw 7 of its levels.
You also visited: Sewer.

You collected 256 gold pieces.

Inventory:

Hand Weapons
 a - a +2 hunting sling (weapon)
 b - a +0 short sword
 e - a +0 falchion
Missiles
 d - 10 sling bullets
 m - 25 stones
 r - 30 poisoned darts (quivered)
Armour
 v - a +0 pair of gloves (worn)
 w - a +0 tower shield
 y - a +1 helmet (worn)
 J - a +1 scale mail of cold resistance (worn)
Jewellery
 g - an uncursed amulet of magic regeneration
 i - a ring of protection from magic (right hand)
 u - an uncursed ring of magical power
 I - a +4 ring of evasion (left hand)
Wands
 x - a wand of disintegration (10)
 F - a wand of polymorph (10)
Scrolls
 f - 4 scrolls of enchant weapon
 j - a scroll of random uselessness
 o - 5 scrolls of teleportation
 q - 8 scrolls of identify
 t - 4 scrolls of remove curse
 D - a scroll of fog
 E - a scroll of fear
 G - 2 scrolls of immolation {unknown}
 H - a scroll of blinking {unknown}
Potions
 c - 3 potions of attraction
 h - 3 potions of heal wounds
 k - 4 potions of flight
 l - 3 potions of might
 n - 3 potions of curing
 p - a potion of degeneration {unknown}
 s - a potion of cancellation {unknown}
 z - 3 potions of lignification {unknown}
 A - a potion of invisibility {unknown}
 B - 2 potions of magic {unknown}
 C - a potion of brilliance {unknown}


   Skills:
 + Level 4.4 Fighting
 * Level 6.1 Long Blades
 + Level 10.4 Slings
 + Level 4.6 Armour
 + Level 5.3 Dodging
 - Level 1.1 Stealth


You had 8 spell levels left.
You didn't know any spells.
Your spell library was empty.

Dungeon Overview and Level Annotations

Branches:
Dungeon (7/15)             Temple (0/1) D:5           Sewer (visited)

Altars:
Cheibriados
Dithmenos
Okawaru
Wu Jian
Xom
Yredelemnul
Zin
The Shining One


Innate Abilities, Weirdness & Mutations

You are small and have problems with some larger weapons.
You are somewhat resistant to further mutation.


Message History

Press: ? - help, Q - select action, (/) - cycle Shift-Dir - straight line, f - orc warrior
Aim: an orc warrior, wielding a +0 long sword and wearing a +0 chain mail (severely wounded)
You throw a poisoned dart. The poisoned dart hits the orc warrior.
The orc warrior is poisoned.
The orc warrior is severely wounded.
The orc warrior barely misses you.
Throw: 32 darts (poison)
Press: ? - help, Q - select action, (/) - cycle Shift-Dir - straight line, f/p - orc warrior
Aim: an orc warrior, wielding a +0 long sword and wearing a +0 chain mail (severely wounded, poisoned)
You throw a poisoned dart.
The poisoned dart closely misses the orc warrior.
The orc warrior looks more healthy.
Throw: 31 darts (poison)
Press: ? - help, Q - select action, (/) - cycle Shift-Dir - straight line, f/p - orc warrior
Aim: an orc warrior, wielding a +0 long sword and wearing a +0 chain mail (almost dead)
You throw a poisoned dart. The poisoned dart hits the orc warrior!
The orc warrior is poisoned.
The orc warrior is almost dead.
The orc warrior hits you with a +0 long sword!
You die...

######## # #......# # #......# #
#......# # #......# #########
#......# #.>...... ######
#......##########........
.....####.......@o.........(.....
####.##.............#####........
# #................#............
# ####.............#.###........
# #####.........#.# #<....... #
#...#####.#.# #........ #
#...#...#.#.# #........ #
#########...#.....#.# ###.#.### #
#...........#####.#.####.....#


You could see an orc warrior (very poisoned).

Vanquished Creatures
  Prince Ribbit (D:5)
  Duvessa (D:5)
  Purgy (Sewer)
  An ice beast (D:5)
  2 ogres
  4 centaurs
  A bullfrog (D:5)
  Dowan (D:5)
  A scorpion (D:5)
  3 wights (D:6)
  3 hounds
  2 centaur skeletons
  2 orc priests
  Terence (D:3)
  4 orc wizards
  5 worker ants
  2 hound zombies (D:6)
  A hound skeleton (D:4)
  A worker ant zombie (D:6)
  A gnoll (D:1)
  A river rat (D:3)
  5 adders
  2 shadow imps
  3 white imps
  An adder skeleton (D:5)
  4 worms
  6 dart slugs (D:1)
  2 leopard geckos
  11 orcs
  9 bats
  7 giant cockroaches
  2 gnoll zombies (D:3)
  14 goblins
  3 hobgoblins
  5 jackals (D:2)
  4 kobolds (D:1)
  3 quokkas
  5 ball pythons
  10 frilled lizards
  5 rats
140 creatures vanquished.

Notes
Turn   | Place    | Note
-------+----------+-------------------------------------------
     0 | D:1      | PentaManta the Halfling Hunter began the quest for the Orb.
     0 | D:1      | Reached XP level 1. HP: 14/14 MP: 1/1
    88 | D:1      | Reached skill level 6 in Slings
   112 | D:1      | Reached XP level 2. HP: 19/19 MP: 2/2
   256 | D:1      | Reached skill level 7 in Slings
   256 | D:1      | Reached XP level 3. HP: 24/24 MP: 3/3
   919 | D:2      | Reached XP level 4. HP: 29/29 MP: 4/4
  1008 | D:2      | Reached skill level 8 in Slings
  1065 | D:2      | Found an ornate altar of the Wu Jian Council.
  1066 | D:2      | Found a glowing golden altar of the Shining One.
  1066 | D:2      | Found a shadowy altar of Dithmenos.
  1067 | D:2      | Found a shimmering altar of Xom.
  1644 | D:3      | Reached XP level 5. HP: 33/34 MP: 5/5
  1763 | D:3      | Found a glowing drain.
  1779 | D:3      | Reached skill level 1 in Long Blades
  1803 | Sewer    | Entered a sewer
  1810 | Sewer    | Reached skill level 1 in Armour
  1909 | Sewer    | Noticed Purgy
  1916 | Sewer    | Killed Purgy
  1917 | Sewer    | Reached XP level 6. HP: 28/40 MP: 6/6
  2371 | D:3      | Found a basalt altar of Yredelemnul.
  2479 | D:3      | Noticed Terence
  2487 | D:3      | Killed Terence
  2604 | D:4      | Found a snail-covered altar of Cheibriados.
  2653 | D:4      | Noticed an ogre
  2660 | D:4      | Killed an ogre
  2661 | D:4      | Reached skill level 9 in Slings
  2661 | D:4      | Reached XP level 7. HP: 45/45 MP: 7/7
  3197 | D:4      | Found an iron altar of Okawaru.
  3209 | D:4      | Became a worshipper of Warmaster Okawaru
  4063 | D:5      | Entered Level 5 of the Dungeon
  4076 | D:5      | Noticed Dowan
  4078 | D:5      | Noticed Duvessa
  4106 | D:5      | Killed Duvessa
  4107 | D:5      | Reached XP level 8. HP: 16/52 MP: 8/8
  4107 | D:5      | Killed Dowan
  4335 | D:5      | Noticed Prince Ribbit
  4348 | D:5      | Killed Prince Ribbit
  4348 | D:5      | Reached * piety under Okawaru
  4510 | D:5      | Found a staircase to the Ecumenical Temple.
  4868 | D:5      | Reached skill level 5 in Long Blades
  4919 | D:5      | Reached skill level 10 in Slings
  5164 | D:5      | Found a glowing silver altar of Zin.
  5344 | D:6      | Reached XP level 9. HP: 58/58 MP: 9/9
  5565 | D:6      | Reached ** piety under Okawaru
  5581 | D:6      | Reached skill level 5 in Dodging
  6438 | D:6      | Slain by an orc warrior

Illustrated notes

Levels and vault maps discovered:
D:1:      ncdulo_smallfort, layout_basic
D:2:      layout_basic, chequers_temple_overflow_statue_of_worship
D:3:      layout_basic, lemuel_zombie_altar_yredelemnul, portal_sewer_entry_a,
          uniq_terence
D:4:      layout_layer_cave, general_overflow_altar, kennysheep_okawaru_gauntlet
D:5:      layout_cave_pools, zin_academy, minmay_temple_entry_proselytizer,
          minivault_24, uniq_prince_ribbit1, uniq_duvessa
D:6:      lemuel_upstairs_altar, layout_basic
D:7:      layout_loops_ring

Skill      XL: |  1  2  3  4  5  6  7  8  9 |
---------------+----------------------------+-----
Slings         | 6 7 8 9 10 | 10.4
Fighting       | 2 3 4 |  4.4
Long Blades    | 2 3 5 6 |  6.1
Armour         | 1 2 3 4 |  4.6
Dodging        | 3 4 5 |  5.3
Stealth        | |  1.1

Action                   |  1- 3 |  4- 6 |  7- 9 || total
-------------------------+-------+-------+-------++-------
Melee: Falchion          |       |       |     9 ||     9
 Fire: Hunting sling     |    72 |   227 |   317 ||   616
Throw: Dart              |       |       |     3 ||     3
  Use: Scroll            |       |    12 |       ||    12
       Potion            |       |     1 |     1 ||     2
Armor: Ring mail         |    10 |    13 |       ||    23
       Scale mail        |       |    17 |    33 ||    50
Dodge: Dodged            |    18 |    72 |    99 ||   189
       Rpst.: Falchion   |       |       |     3 ||     3

Table legend: (Time is in decaauts)
 A = Elapsed time spent in this place.
 B = Non-inter-level travel time spent in this place.
 C = Inter-level travel time spent in this place.
 D = Time resting spent in this place.
 E = Time spent auto-exploring this place.
 F = Levels seen in this place.
 G = Mean time per level.
                   A        B        C        D        E       F      G
               +--------+--------+--------+--------+--------+-----+--------+
         Total |   6317 |   5976 |    341 |    192 |   4666 |   8 |  789.6 |
       Dungeon |   5973 |   5632 |    341 |    192 |   4386 |   7 |  853.3 |
         Sewer |    344 |    344 |      0 |      0 |    280 |   1 |  344.0 |
               +--------+--------+--------+--------+--------+-----+--------+

Top non-repeatable levels by time:
     D:4: 1605 daAuts
     D:6: 1163 daAuts
     D:1: 900 daAuts
     D:5: 862 daAuts
     D:3: 764 daAuts
     D:2: 657 daAuts
   Sewer: 344 daAuts
     D:7: 19 daAuts
